 Dungeon Crawl Stone Soup version 0.30-a0-632-g346586fe48 (webtiles) character file.

Game seed: 9517439326750195360

2758 bmack86 the Cleaver (level 9, 0/81 HPs)
             Began as a Minotaur Fighter on Jan 14, 2023.
             Was a Follower of Okawaru.
             Slain by a killer bee (1 damage)
             ... on level 7 of the Dungeon.
             The game lasted 00:19:10 (7135 turns).

bmack86 the Cleaver (Minotaur Fighter)              Turns: 7135, Time: 00:19:11

Health: 0/81       AC: 24    Str: 25    XL:     9   Next: 41%
Magic:  7/8        EV:  9    Int:  5    God:    Okawaru [*.....]
Gold:   1054       SH: 13    Dex: 10    Spells: 8/8 levels left

rFire   . . .      SeeInvis .    b - +1 broad axe (freeze)
rCold   . . .      Faith    .    w - +2 kite shield
rNeg    . . .      Spirit   .    s - +0 chain mail
rPois   .          Reflect  .    (helmet restricted)
rElec   .          Harm     .    r - +0 cloak
rCorr   .          Rampage  .    t - +2 pair of gloves {Stlth+}
Will    .....                    q - +1 pair of boots
Stlth   +                        j - amulet of magic regeneration
HPRegen 0.33/turn                y - +4 ring of protection
MPRegen 0.51/turn                (no ring)

@: lethally poisoned (0 -> -3), heroic
A: horns 2, retaliatory headbutt
a: Renounce Religion, Heroism


You were on level 7 of the Dungeon.
You worshipped Okawaru.
Okawaru was aware of your devotion.
You visited 2 branches of the dungeon, and saw 9 of its levels.

You collected 1054 gold pieces.

Inventory:

Hand Weapons
 a - a +0 war axe
 b - a +1 broad axe of freezing (weapon)
Missiles
 i - 8 atropa-tipped darts
 p - 5 poisoned darts
 u - 3 boomerangs (quivered)
Armour
 q - a +1 pair of boots (worn)
 r - a +0 cloak (worn)
 s - a +0 chain mail (worn)
 t - a +2 pair of gloves of stealth (worn)
 w - a +2 kite shield (worn)
Jewellery
 j - an amulet of magic regeneration (around neck)
 y - a +4 ring of protection (left hand)
Wands
 d - a wand of digging (5)
 o - a wand of flame (16)
Scrolls
 k - a scroll of poison {unknown}
 m - a scroll of teleportation
 x - 2 scrolls of fear
Potions
 c - 2 potions of ambrosia {unknown}
 e - 2 potions of flight
 f - 2 potions of lignification
 g - 3 potions of haste
 h - 2 potions of brilliance
 l - 4 potions of curing {unknown}
 n - a potion of mutation
 v - a potion of attraction {unknown}


   Skills:
 + Level 7.9(12.9) Fighting
 * Level 10.1(15.1) Axes
 + Level 7.8(12.8) Armour
 + Level 7.8(12.8) Shields


You had 8 spell levels left.
You didn't know any spells.
Your spell library contained the following spells:

 Spells                   Type           Power      Damage    Failure   Level
 Apportation              Tloc           0%         N/A       99%         1
 Necrotise                Necr           0%         1d4       99%         1
 Slow                     Hex            0%         N/A       99%         1
 Blink                    Tloc           0%         N/A       100%        2
 Ensorcelled Hibernation  Hex/Ice        0%         N/A       100%        2
 Passwall                 Tmut/Erth      0%         N/A       100%        2
 Confusing Touch          Hex            0%         N/A       100%        3
 Hailstorm                Conj/Ice       0%         3d3       100%        3
 Swiftness                Air            0%         N/A       100%        3
 Vampiric Draining        Necr           0%         2d6       100%        3
 Ice Form                 Ice/Tmut       0%         N/A       100%        4
 Manifold Assault         Tloc           0%         N/A       100%        4
 Storm Form               Tmut/Air       0%         N/A       100%        7
 Summon Small Mammal      Summ           Unusable   N/A       N/A         1
 Simulacrum               Ice/Necr       Unusable   N/A       N/A         6

Dungeon Overview and Level Annotations

Branches:
Dungeon (8/15)             Temple (1/1) D:6
   Lair: D:8-11

Altars:
Ashenzari
Cheibriados
Dithmenos
Elyvilon
Gozag
Hepliaklqana
Kikubaaqudgha
Makhleb
Nemelex Xobeh
Okawaru
Qazlal
Ru
Sif Muna
Trog
Uskayaw
Vehumet
Xom
Yredelemnul
Zin
The Shining One

Shops:
D:7 [

Annotations:
D:4 2 transporters


Innate Abilities, Weirdness & Mutations

You have a pair of horns on your head.
You reflexively headbutt those who attack you in melee.


Message History

You miss the killer bee.
You feel very sick.
The killer bee stings you but does no damage.
The killer bee completely misses you. The killer bee closely misses you.
You furiously retaliate!
You headbutt the killer bee! The yak gores you but does no damage.
The yak closely misses you. The yak gores you but does no damage.
The killer bee stings you but does no damage.
You block the killer bee's attack. x2
You slice the killer bee!! You freeze the killer bee!
You kill the killer bee!
Okawaru accepts your kill.
You closely miss the yak. You barely miss the killer bee. x2
You slash the yak! You freeze the yak. You hit the yak but do no damage.
You feel sick.
The killer bee stings you but does no damage.
You block the killer bee's attack. You block the yak's attack.
The yak gores you! The yak gores you. The killer bee stings you.
The killer bee stings you but does no damage.
You gain the combat prowess of a mighty hero.
You feel sick. You block the killer bee's attack.
The killer bee stings you but does no damage.
You block the yak's attack. The yak barely misses you.
The yak closely misses you. The killer bee stings you.
* * * LOW HITPOINT WARNING * * *
The killer bee barely misses you.
You closely miss the yak. You headbutt the yak!
The yak is almost dead.
You miss the killer bee. x2; You hit the yak.
You freeze the yak. You slash the yak! You freeze the yak.
You feel sick. The killer bee closely misses you. You furiously retaliate!
You headbutt the killer bee!
You kill the killer bee!
Okawaru accepts your kill. You block the killer bee's attack.
The yak gores you!
* * * LOW HITPOINT WARNING * * *
The yak gores you!
* * * LOW HITPOINT WARNING * * *
You block the yak's attack. The killer bee stings you.
You die...

#.............##.###.............
...............#...#.##..........
.###...............)###..........
###..................#...........
###............................#.
.###...........................#.
.# #.............................
.###...##...#.##YY)...#.......#..
........##..####@....##.......#..
.#......#......†Yy..##........)##
.###.##............#.......##..#
.................#.#..........##
.###.............#......##....#
................#........##.###
..#.............#............<#
..#....##..###.....#......#.###
.##....##.####....###...#####


You could see 3 yaks and a killer bee.

Vanquished Creatures
  2 yaks (D:7)
  Edmund (D:5)
  2 sky beasts
  4 ice beasts
  4 ogres
  4 scorpions
  A bullfrog (D:7)
  2 necrophages
  2 killer bees (D:7)
  3 howler monkeys (D:6)
  2 jellies
  8 orc priests
  Crazy Yiuf (D:6)
  A gnoll bouda (D:7)
  A hound (D:5)
  Terence (D:2)
  Jessica (D:2)
  3 iguanas
  2 orc wizards (D:7)
  Ijyb (D:4)
  9 gnolls
  4 adders
  3 shadow imps
  3 white imps
  A worm (D:4)
  2 dart slugs
  20 orcs
  6 endoplasms
  3 giant cockroaches
  12 kobolds
  A quokka (D:5)
  9 ball pythons
  5 bats
  4 frilled lizards (D:1)
  8 goblins
  3 rats (D:1)
139 creatures vanquished.

Vanquished Creatures (others)
  2 orc wizards (D:7)
2 creatures vanquished.

Grand Total: 141 creatures vanquished

Notes
Turn   | Place    | Note
-------+----------+-------------------------------------------
     0 | D:1      | bmack86 the Minotaur Fighter began the quest for the Orb.
     0 | D:1      | Reached XP level 1. HP: 19/19 MP: 0/0
   222 | D:1      | Reached XP level 2. HP: 27/27 MP: 1/1
   350 | D:1      | Reached skill level 3 in Axes
   773 | D:2      | Noticed Terence
   783 | D:2      | Killed Terence
   784 | D:2      | Reached XP level 3. HP: 21/33 MP: 2/2
  1040 | D:2      | Noticed an eye of devastation
  1045 | D:2      | Found a faded altar of an unknown god.
  1047 | D:2      | Noticed a shining eye
  1049 | D:2      | Noticed a great orb of eyes
  1049 | D:2      | Noticed an eye of devastation
  1081 | D:2      | Noticed Jessica
  1086 | D:2      | Killed Jessica
  1087 | D:2      | Reached XP level 4. HP: 29/40 MP: 3/3
  1337 | D:2      | Reached skill level 4 in Axes
  1943 | D:3      | Noticed a scorpion
  1946 | D:3      | Killed a scorpion
  1947 | D:3      | Reached XP level 5. HP: 47/47 MP: 4/4
  2234 | D:3      | Reached skill level 5 in Axes
  2234 | D:3      | Reached XP level 6. HP: 55/55 MP: 5/5
  2251 | D:3      | Found a hide-covered altar of Uskayaw.
  2366 | D:3      | Found a bloodstained altar of Trog.
  2456 | D:3      | Found a radiant altar of Vehumet.
  2635 | D:4      | Reached skill level 5 in Armour
  2635 | D:4      | Reached skill level 5 in Shields
  2636 | D:4      | Reached skill level 5 in Fighting
  2812 | D:4      | Found a transporter.
  2923 | D:4      | Noticed Ijyb
  2931 | D:4      | Killed Ijyb
  3312 | D:4      | Found a transporter.
  3764 | D:5      | Entered Level 5 of the Dungeon
  3871 | D:5      | Found a glowing silver altar of Zin.
  3871 | D:5      | Found an opulent altar of Gozag.
  3918 | D:5      | Reached skill level 6 in Axes
  3918 | D:5      | Reached XP level 7. HP: 56/61 MP: 6/6
  4434 | D:5      | Noticed Edmund
  4449 | D:5      | Killed Edmund
  4483 | D:5      | Reached skill level 7 in Axes
  4864 | D:6      | Reached XP level 8. HP: 70/70 MP: 7/7
  4880 | D:6      | Identified a scroll of acquirement
  4880 | D:6      | Acquired 531 gold pieces
  5054 | D:6      | Reached skill level 8 in Axes
  5613 | D:6      | Found a runed translucent door.
  5614 | D:6      | Noticed Crazy Yiuf
  5881 | D:6      | Found a staircase to the Ecumenical Temple.
  5891 | Temple   | Entered the Ecumenical Temple
  5976 | Temple   | Became a worshipper of Warmaster Okawaru
  6240 | D:6      | Killed Crazy Yiuf
  6317 | D:7      | Reached skill level 9 in Axes
  6429 | D:7      | Reached XP level 9. HP: 75/79 MP: 8/8
  6463 | D:7      | Acquired a +2 pair of gloves of stealth
  6554 | D:7      | Found Ypro's Antique Armour Emporium.
  6726 | D:7      | Reached * piety under Okawaru
  6848 | D:7      | Found a shimmering blue altar of Sif Muna.
  7125 | D:7      | Reached skill level 10 in Axes
  7135 | D:7      | HP: 1/81 [yak (12)]
  7135 | D:7      | Slain by a killer bee

Illustrated notes

Levels and vault maps discovered:
D:1:      onia_arrival_mini_spirals, layout_loops_ring, minmay_misc_feat_roman
D:2:      layout_loops_corners, hellmonk_ecumenical_altar_watching_god,
          uniq_jessica, uniq_terence
D:3:      layout_loops_cross, eat_drink_and_be_merry_uskayaw,
          mainiacjoe_overflow_cross_hatched,
          mainiacjoe_overflow_six_doors_small, kennysheep_orc_chapel
D:4:      gammafunk_wand_slinger, layout_loops_corners, eino_tiny_chamber,
          uniq_ijyb
D:5:      layout_loops_corners, grunt_temple_overflow_gold_and_silver,
          uniq_edmund
D:6:      layout_loops_ring, lemuel_temple_firewalk_b, uniq_crazy_yiuf_cottage
D:7:      layout_cave_pools, led_sif_book, serial_shops, shop
D:8:      layout_gridville, palyth_stone_intersect
Temple:   dpeg_chambers_temple

Skill      XL: |  1  2  3  4  5  6  7  8  9 |
---------------+----------------------------+-----
Axes           | 3 4 5 6 7 9 10 | 10.1
Fighting       | 4 5 6 7 |  7.9
Armour         | 4 5 6 7 |  7.8
Shields        | 4 5 6 7 |  7.8

Action                   |  1- 3 |  4- 6 |  7- 9 || total
-------------------------+-------+-------+-------++-------
Melee: War axe           |    60 |    48 |       ||   108
       Headbutt          |     3 |    14 |    36 ||    53
       Broad axe         |       |    56 |   182 ||   238
Throw: Boomerang         |       |       |     6 ||     6
Invok: Heroism           |       |       |     1 ||     1
  Use: Scroll            |     5 |     5 |    11 ||    21
       Potion            |       |     1 |       ||     1
Armor: Scale mail        |    36 |    10 |       ||    46
       Chain mail        |       |    42 |   115 ||   157
Dodge: Dodged            |    43 |    52 |    41 ||   136
Block: Buckler           |    22 |    24 |       ||    46
       Kite shield       |       |     7 |   105 ||   112

Table legend: (Time is in decaauts)
 A = Elapsed time spent in this place.
 B = Non-inter-level travel time spent in this place.
 C = Inter-level travel time spent in this place.
 D = Time resting spent in this place.
 E = Time spent auto-exploring this place.
 F = Levels seen in this place.
 G = Mean time per level.
                   A        B        C        D        E       F      G
               +--------+--------+--------+--------+--------+-----+--------+
         Total |   7258 |   6998 |    260 |    258 |   4146 |   9 |  806.4 |
       Dungeon |   7027 |   6767 |    260 |    258 |   3959 |   8 |  878.4 |
        Temple |    230 |    230 |      0 |      0 |    187 |   1 |  230.0 |
               +--------+--------+--------+--------+--------+-----+--------+

Top non-repeatable levels by time:
     D:4: 1244 daAuts
     D:5: 1206 daAuts
     D:6: 1152 daAuts
     D:2: 1040 daAuts
     D:7: 845 daAuts
     D:1: 773 daAuts
     D:3: 760 daAuts
  Temple: 230 daAuts
     D:8: 4 daAuts
